 Dungeon Crawl Stone Soup version 0.29.1-1-gd02db6906a (webtiles) character file.

Game seed: 11130728790133629288

4 Jerry the Shield-Bearer (level 1, -1/11 HPs)
             Began as a Vine Stalker Fighter on Sept 16, 2022.
             Frozen to death by an endoplasm (4 damage)
             ... on level 1 of the Dungeon.
             The game lasted 00:00:30 (108 turns).

Jerry the Shield-Bearer (Vine Stalker Fighter)       Turns: 108, Time: 00:00:33

Health: -1/11      AC:  6    Str: 18    XL:     1   Next: 60%
Magic:  0/2        EV:  9    Int:  8    God:
Gold:   33         SH:  4    Dex: 13    Spells: 0/0 levels left

rFire   . . .      SeeInvis .   a - +0 rapier
rCold   . . .      Faith    .   c - +0 buckler
rNeg    . . .      Spirit   +   b - +0 scale mail
rPois   .          Reflect  .   (no helmet)
rElec   .          Harm     .   (no cloak)
rCorr   .          Rampage  .   (no gloves)
Will    .....                   (no boots)
Stlth   ..........              (no amulet)
HPRegen 0.03/turn               (no ring)
MPRegen 0.08/turn               (no ring)

@: no status effects
A: fangs 2, magic shield, antimagic bite, no potion heal 2
a: no special abilities


You were on level 1 of the Dungeon.
You visited 1 branch of the dungeon, and saw 1 of its levels.

You collected 33 gold pieces.

Inventory:

Hand Weapons
 a - a +0 rapier (weapon)
Armour
 b - a +0 scale mail (worn)
 c - a +0 buckler (worn)
Scrolls
 e - 2 scrolls of identify {unknown}
Potions
 d - a potion of might


   Skills:
 + Level 2.7 Fighting
 + Level 1.8 Short Blades
 + Level 2.4 Armour
 + Level 2.7 Shields


You couldn't memorise any spells.
You didn't know any spells.
Your spell library was empty.

Dungeon Overview and Level Annotations

Branches:
Dungeon (1/15)

Altars:


Innate Abilities, Weirdness & Mutations

You have extremely sharp teeth.
When hurt, damage is shared between your health and your magic reserves.
Your bite disrupts and absorbs the magic of your enemies.
Potions cannot restore your health.


Message History

No target in view!
No target in view!
A giant cockroach comes into view.
Found a scroll labelled LIRRIUVV HASEMM.
A giant cockroach is nearby!
A giant cockroach is nearby!
An endoplasm comes into view.
A dart slug comes into view.
The giant cockroach bites you but does no damage.
The giant cockroach closely misses you. The dart slug launches a dart at you.
The slug dart hits you.
There are monsters nearby!
You hit the giant cockroach.
The giant cockroach is almost dead.
The giant cockroach bites you but does no damage.
There are monsters nearby!
You barely miss the giant cockroach.
The giant cockroach is almost dead.
The giant cockroach closely misses you.
You hit the giant cockroach.
You kill the giant cockroach!
The endoplasm freezes you.
You are frozen.
You are too injured to fight recklessly!
You are too injured to fight recklessly!
You are too injured to fight recklessly!
You are too injured to fight recklessly!
You hit the dart slug.
The dart slug is heavily wounded.
The endoplasm freezes you.
You are frozen.
* * * LOW HITPOINT WARNING * * *
You hit the dart slug.
You bite the dart slug, but do no damage.
The dart slug is severely wounded.
You block the dart slug's attack. The endoplasm freezes you.
You are frozen.
You die...

# #####.#.# #.#.......#
#.#.# #.#.###.######.#.#
#...........##.#.#
#####.###.###.##.#.#
..#.....##...#.#.#.# #
#"#.#.#.#⌠.8..##.#.#.####
#.#.#.####..8.#..w.......
..#.#.#⌠#∩#...#.@J†......
#...##...#_#⌠#..####.##..
#.#..#.8..###....>....
#.####..8.⌠##.#.#.###.
#.#...#...###.#.....
#.#.##.###..#.#...### #.#
## ..#.#...# #.#
.......(. #.# #.#.#.....


You could see a dart slug and an endoplasm.

Vanquished Creatures
  2 endoplasms (D:1)
  A giant cockroach (D:1)
3 creatures vanquished.

Notes
Turn   | Place    | Note
-------+----------+-------------------------------------------
     0 | D:1      | Jerry the Vine Stalker Fighter began the quest for the Orb.
     0 | D:1      | Reached XP level 1. HP: 11/11 MP: 2/2
    77 | D:1      | Found a faded altar of an unknown god.
   108 | D:1      | Frozen to death by an endoplasm

Illustrated notes

Levels and vault maps discovered:
D:1:      lemuel_arrival_rhombus, layout_basic, shapermc_ecumenical_altar_venn

Action                   || total
-------------------------++-------
Melee: Rapier            ||    10
       Bite              ||     2
Armor: Scale mail        ||     2
Dodge: Dodged            ||     2
Block: Buckler           ||     3
